 Dungeon Crawl Stone Soup version 0.22.1-1-ga44c0e5 (webtiles) character file.

472 Philogelos the Destroyer (level 6, -4/45 HPs)
             Began as a Draconian Conjurer on Oct 1, 2018.
             Was a Follower of Vehumet.
             Hit by a tomahawk thrown by a gnoll (6 damage)
             ... on level 4 of the Dungeon.
             The game lasted 00:21:18 (2370 turns).

Philogelos the Destroyer (Draconian Conjurer)       Turns: 2370, Time: 00:21:18

Health: -4/45      AC:  6    Str: 13    XL:     6   Next: 83%
Magic:  5/9        EV: 12    Int: 15    God:    Vehumet [*.....]
Gold:   141        SH:  0    Dex: 11    Spells: 5/9 levels left

rFire    . . .     SeeInvis +   g - +2 dagger (drain)
rCold    . . .     Gourm    .   (no shield)
rNeg     . . .     Faith    .   (armour unavailable)
rPois    .         Spirit   .   (helmet restricted)
rElec    .         Reflect  .   (no cloak)
rCorr    .         Harm     .   (no gloves)
MR       .....                  (no boots)
Stlth    ++........             e - amulet of magic regeneration
HPRegen  0.15/turn              d - ring of see invisible
MPRegen  0.36/turn              (no ring)

@: no status effects
A: unfitting armour, cold-blooded, AC +6
a: Renounce Religion


You were on level 4 of the Dungeon.
You worshipped Vehumet.
Vehumet was aware of your devotion.
You were not hungry.

You visited 1 branch of the dungeon, and saw 4 of its levels.

You collected 141 gold pieces.

Inventory:

Hand Weapons
 g - a +2 dagger of draining (weapon)
Jewellery
 c - an uncursed amulet of faith
 d - a ring of see invisible (left hand)
 e - an amulet of magic regeneration (around neck)
Scrolls
 f - 2 scrolls of amnesia
 j - a scroll of remove curse
Potions
 a - a potion of haste
 h - 3 potions of curing
Comestibles
 b - 8 rations
 i - a chunk of flesh


   Skills:
 + Level 2.3 Dodging
 - Level 1.7 Stealth
 - Level 2.0 Spellcasting
 + Level 8.1 Conjurations


You had 5 spell levels left.
You knew the following spells:

 Your Spells              Type           Power        Failure   Level  Hunger
a - Magic Dart            Conj           ####         1%          1    #......
b - Flame Tongue          Conj/Fire      ##...        4%          1    #......
c - Searing Ray           Conj           ####..       1%          2    ###....

Your spell library contained the following spells:

 Spells                   Type           Power        Failure   Level  Hunger
 Iskenderun's Mystic Bla  Conj           ####....     8%          4    #####..
 Dazzling Spray           Conj/Hex       ##....       13%         3    ###....
 Force Lance              Conj/Tloc      ##......     38%         4    #####..
 Fulminant Prism          Conj/Hex       ##........   38%         4    #####..


Dungeon Overview and Level Annotations

Branches:
Dungeon (4/15)
 Temple: D:4-7

Altars:
Vehumet


Innate Abilities, Weirdness & Mutations

Your plain brown scales are hard. (AC +6)
You cannot fit into any form of body armour.
You are cold-blooded and may be slowed by cold attacks.


Message History

You see here an adder corpse.
You barely miss the gnoll.
You tail-slap the gnoll, but do no damage.
The gnoll is severely wounded.
The gnoll hits you with a spear.
* * * LOW HITPOINT WARNING * * *
The gnoll closely misses you.
You hit the gnoll but do no damage.
The gnoll is severely wounded.
The gnoll barely misses you. The gnoll hits you but does no damage.
You hit the gnoll but do no damage. You drain the gnoll!
You kill the gnoll!
Vehumet accepts your kill. The gnoll hits you.
* * * LOW HITPOINT WARNING * * *
You hit the gnoll but do no damage. The gnoll hits you.
* * * LOW HITPOINT WARNING * * *
The gnoll throws a tomahawk.
The tomahawk closely misses you.
The gnoll throws a tomahawk.
The tomahawk hits you.
You die...

.# ..#.##. ....... #.#..# #
##.#..## ###.####......# #.
....<......>..# ## #.##
##.....@..)...##..
#...####..(......g.......
....#...#######......#♣
......## #....##..
#######.....#######....##.♣
#........#......<..........
.O................#....####
#####..######..........#
#.## #..........#


You could see a gnoll.

Vanquished Creatures
  2 ogres (D:4)
  A crimson imp (D:2)
  A bullfrog zombie (D:3)
  2 orc wizards (D:3)
  The ghost of SaintRoka the Grasshopper, a weakling NaWr (D:3)
  A hound skeleton (D:4)
  7 gnolls
  An adder (D:4)
  2 oozes
  A worm (D:3)
  A dart slug (D:1)
  2 leopard geckos
  7 orcs
  6 giant cockroaches
  4 goblins
  7 hobgoblins
  3 quokkas
  6 bats
  3 frilled lizards
  10 kobolds
  A leopard gecko zombie (D:3)
  4 rats
73 creatures vanquished.

Notes
Turn   | Place    | Note
-------+----------+-------------------------------------------
     0 | D:1      | Philogelos the Draconian Conjurer began the quest for the
                  | Orb.
     0 | D:1      | Reached XP level 1. HP: 14/14 MP: 3/3
   171 | D:1      | Reached XP level 2. HP: 8/20 MP: 1/5
   675 | D:2      | Noticed a crimson imp
   679 | D:1      | Reached skill level 5 in Conjurations
   683 | D:1      | Reached XP level 3. HP: 26/26 MP: 3/6
  1155 | D:2      | Reached XP level 4. HP: 33/33 MP: 0/7
  1236 | D:2      | HP: 1/33 [orc priest/divine providence (14)]
  1623 | D:3      | Found a radiant altar of Vehumet.
  1628 | D:3      | Became a worshipper of Vehumet
  1690 | D:3      | Reached skill level 6 in Conjurations
  1807 | D:3      | Found a runed gate.
  1809 | D:3      | Found a runed gate.
  1811 | D:3      | Found a runed gate.
  1812 | D:3      | Noticed SaintRoka's ghost (weakling NaWr)
  1858 | D:3      | Reached XP level 5. HP: 33/38 MP: 1/8
  2085 | D:3      | Reached * piety under Vehumet
  2085 | D:3      | Offered knowledge of Flame Tongue by Vehumet.
  2096 | D:3      | Learned a level 1 spell: Flame Tongue
  2099 | D:3      | Learned a level 2 spell: Searing Ray
  2218 | D:3      | Killed SaintRoka's ghost
  2219 | D:3      | Reached skill level 7 in Conjurations
  2294 | D:4      | Reached XP level 6. HP: 39/45 MP: 5/9
  2336 | D:4      | Reached skill level 8 in Conjurations
  2367 | D:4      | HP: 2/45 [gnoll (4)]
  2370 | D:4      | Hit by a tomahawk thrown by a gnoll

Skill      XL: |  1  2  3  4  5  6 |
---------------+-------------------+-----
Conjurations   | 5 6 7 8 |  8.1
Dodging        | 2 |  2.3
Stealth        | |  1.7
Spellcasting   | |  2.0

Action                   |  1- 3 |  4- 6 || total
-------------------------+-------+-------++-------
Melee: Unarmed           |   104 |       ||   104
       Tailslap          |    10 |     1 ||    11
       Dagger            |       |    18 ||    18
 Cast: Magic Dart        |    85 |    95 ||   180
       Flame Tongue      |       |     9 ||     9
       Searing Ray       |       |     5 ||     5
  Use: Scroll            |     1 |     4 ||     5
       Potion            |       |     5 ||     5
  Eat: Chunk             |     1 |     8 ||     9
Armor: Skin              |    42 |    11 ||    53
Dodge: Dodged            |    80 |    34 ||   114
